 Dungeon Crawl Stone Soup version 0.31.0-11-ge490571c62 (webtiles) character file.

Game seed: 9190237096045413377

756416 Amaterasu the Slayer (level 27, -57/247 HPs)
             Began as a Gnoll Warper on Jan 27, 2024.
             Was the Champion of Cheibriados.
             Killed from afar by Mocojes the pandemonium lord (115 damage)
             ... with a crystal spear
             ... on level 27 of a ziggurat on Jan 28, 2024.
             The game lasted 05:21:27 (54631 turns).

Amaterasu the Slayer (Gnoll Warper)                Turns: 54631, Time: 05:21:28

Health: -57/247    AC: 42    Str: 28    XL:     27
Magic:  26/49      EV: 35    Int: 56    God:    Cheibriados [******]
Gold:   10444      SH: 32    Dex: 39    Spells: 6/71 levels left

rFire   + + .        j - +9 trishula (holy)
rCold   + + .        Q - +2 tower shield
rNeg    . . .        G - +12 gold dragon scales
rPois   +            T - +2 hat "Keog" {Will+ Int+3}
rElec   .            Y - scarf of the Secret Friars {rC+ rF+, Int+3 Dex+2}
rCorr   +            w - +0 pair of gloves of Entitlement {rC- Int+4 Dex+7}
SInv    +            m - +0 pair of boots
Will    ++++.        u - amulet of Vitality {RegenMP++ Regen++}
Stlth   ++           z - ring of Sivot {rC+ Will+ rCorr Dex+3 SInv}
HPRegen 2.21/turn    J - ring "Moruxt" {*Slow EV+5 Int+7 Stlth+}
MPRegen 1.11/turn

%: slow self (1%)
@: brilliant, lethally poisoned (-57 -> -58), death channelling, silenced
(expiring), on vortex cooldown, fugue, fragile (+50% incoming damage), slightly
contaminated, slowed, studying 11 skills, very slow
A: fangs 2, strong nose, distributed training, subdued magic 1
}: 4/15 runes: decaying, silver, abyssal, gossamer
a: Renounce Religion


You were on level 27 of a ziggurat.
You worshipped Cheibriados.
Cheibriados was exalted by your worship.
You visited 10 branches of the dungeon, and saw 50 of its levels.
You visited the Abyss 1 time.
You visited 1 ziggurat, and saw 27 of its levels.
You also visited: Trove, Volcano, Wizlab and Desolation.

You collected 11604 gold pieces.
You spent 1160 gold pieces at shops.

Inventory:

Hand Weapons
 d - the +13 scythe of Curses {drain, curses, ^Drain}
   (You found it on level 18 of a ziggurat)

   ^Drain:    It drains your maximum health when unequipped.
 h - the +7 flail of Amortisation {spect, rN++ Str-4}
   (You found it on level 2 of the Realm of Zot)

   Str-4:     It affects your strength (-4).
   rN++:      It greatly protects you from negative energy.
 j - a +9 trishula of holy wrath (weapon)
 I - the +18 lance "Wyrmbane" {slay drac, rPois rF+ rC+ AC+3}
   (You found it on level 3 of the Elven Halls)

   AC+3:      It affects your AC (+3).
   rF+:       It protects you from fire.
   rC+:       It protects you from cold.
   rPois:     It protects you from poison
 S - the +3 Elemental Staff {ele, rElec rF+ rC+ AC+3}
   (You acquired it on level 3 of the Lair of Beasts)

   AC+3:      It affects your AC (+3).
   rF+:       It protects you from fire.
   rC+:       It protects you from cold.
   rElec:     It insulates you from electricity.
Missiles
 l - 8 boomerangs (quivered)
 H - 8 silver javelins
Armour
 m - a +0 pair of boots (worn)
 w - the +0 pair of gloves of Entitlement (worn) {rC- Int+4 Dex+7}
   (You found it on level 3 of the Elven Halls)

   Int+4:     It affects your intelligence (+4).
   Dex+7:     It affects your dexterity (+7).
   rC-:       It makes you vulnerable to cold.
 B - an orb of energy
 G - +12 gold dragon scales (worn)
 Q - a +2 tower shield (worn)
 T - the +2 hat "Keog" (worn) {Will+ Int+3}
   (You acquired it on level 26 of a ziggurat)

   Int+3:     It affects your intelligence (+3).
   Will+:     It increases your willpower.
 Y - the scarf of the Secret Friars (worn) {rC+ rF+, Int+3 Dex+2}
   (You acquired it on level 3 of the Spider Nest)

   Int+3:     It affects your intelligence (+3).
   Dex+2:     It affects your dexterity (+2).
Jewellery
 k - the amulet of the Four Winds {rN+ Will+++ Clar}
   (You found it on level 21 of a ziggurat)

   [amulet of nothing]

   rN+:       It protects you from negative energy.
   Will+++:   It greatly increases your willpower.
   Clar:      It protects you from confusion, rage, mesmerisation and fear.
 u - the amulet of Vitality (around neck) {RegenMP++ Regen++}
   (You took it off an orc warrior on level 1 of the Orcish Mines)

   [amulet of magic regeneration]

   RegenMP:   It increases your rate of magic regeneration.
   Regen++:   It increases your rate of health regeneration.
 z - the ring of Sivot (left hand) {rC+ Will+ rCorr Dex+3 SInv}
   (You found it on level 3 of the Depths)

   [ring of see invisible]

   Dex+3:     It affects your dexterity (+3).
   rC+:       It protects you from cold.
   Will+:     It increases your willpower.
   SInv:      It lets you see invisible.
   rCorr:     It protects you from acid and corrosion.
 J - the ring "Moruxt" (right hand) {*Slow EV+5 Int+7 Stlth+}
   (You found it on level 3 of the Swamp)

   [ring of evasion]

   EV+5:      It affects your evasion (+5).
   Int+7:     It affects your intelligence (+7).
   *Slow:     It may slow you when you take damage.
   Stlth+:    It makes you more stealthy.
 N - the ring of Equivalence {rPois Will- MP+9 Int+4}
   (You found it on level 18 of a ziggurat)

   [ring of magical power]

   Int+4:     It affects your intelligence (+4).
   rPois:     It protects you from poison Will-: It decreases your willpower.
   MP+9:      It affects your magic capacity (+9).
 Z - the amulet of Kouxtoid {Spirit rC- MP+9 SInv}
   (You found it on level 2 of the Realm of Zot)

   [amulet of guardian spirit]

   Spirit:    It causes incoming damage to be divided between your reserves of
   health and magic.
   rC-:       It makes you vulnerable to cold.
   MP+9:      It affects your magic capacity (+9).
   SInv:      It lets you see invisible.
Talismans
 A - the death talisman of Eklib {rC+}
   (You found it on level 3 of the Elven Halls)

   [talisman of death]

   rC+:       It protects you from cold.
Wands
 n - a wand of digging (55)
 q - a wand of light (43)
 t - a wand of iceblast (79)
 y - a wand of mindburst (79)
 C - a wand of charming (60)
 D - a wand of polymorph (94)
Scrolls
 c - 9 scrolls of blinking
 r - 8 scrolls of vulnerability
 x - 6 scrolls of fear
 F - 8 scrolls of fog
 K - 16 scrolls of teleportation
 M - 2 scrolls of amnesia
 P - 2 scrolls of silence
 R - 2 scrolls of revelation
 U - 5 scrolls of torment
Potions
 a - 5 potions of brilliance
 e - 8 potions of cancellation
 f - 24 potions of mutation
 g - 14 potions of curing
 i - 14 potions of magic
 o - 7 potions of enlightenment
 p - 9 potions of attraction
 s - 9 potions of might
 v - 2 potions of resistance
 E - 3 potions of invisibility
 L - 3 potions of berserk rage
 V - 11 potions of ambrosia
 X - 6 potions of heal wounds
Miscellaneous
 b - a condenser vane
 O - a phantom mirror
 W - a lightning rod (4/4)


   Skills:
 + Level 26.6 Fighting
 + Level 22.6 Short Blades
 + Level 22.6 Long Blades
 + Level 24.2 Axes
 + Level 23.2 Maces & Flails
 + Level 22.3 Polearms
 + Level 26.1 Staves
 + Level 22.3 Ranged Weapons
 + Level 24.6 Throwing
 + Level 23.4 Armour
 + Level 22.6 Dodging
 + Level 22.3 Stealth
 + Level 23.4 Shields
 + Level 26.3 Unarmed Combat
 + Level 22.7 Spellcasting
 + Level 19.1 Conjurations
 + Level 19.1 Hexes
 + Level 19.1 Summonings
 + Level 19.1 Necromancy
 + Level 19.7 Translocations
 + Level 19.1 Fire Magic
 + Level 19.1 Ice Magic
 + Level 19.1 Air Magic
 + Level 19.1 Earth Magic
 + Level 19.1 Alchemy
 + Level 24.4 Invocations
 + Level 22.3 Evocations
 + Level 20.8 Shapeshifting


You had 6 spell levels left.
You knew the following spells:

 Your Spells              Type           Power      Damage    Failure   Level
a - Blink                 Tloc           100%       N/A       0%          2
b - Manifold Assault      Tloc           100%       N/A       0%          4
c - Call Canine Familiar  Summ           100%       N/A       0%          3
d - Conjure Ball Lightni  Conj/Air       72%        3x3d27    1%          6
e - Lesser Beckoning      Tloc           100%       N/A       0%          2
f - Ignition              Fire           72%        3d19      3%          8
g - Vhi's Electric Charg  Tloc/Air       100%       N/A       0%          4
h - Jinxbite              Hex            100%       N/A       0%          2
i - Lee's Rapid Deconstr  Erth           72%        3d32*     0%          5
j - Fugue of the Fallen   Necr           100%       N/A       0%          3
k - Ozocubu's Armour      Ice            100%       N/A       0%          3
l - Passwall              Erth           100%       N/A       0%          3
m - Death Channel         Necr           72%        N/A       1%          6
n - Arcjolt               Conj/Air       72%        1d82      0%          5
o - Polar Vortex          Ice            72%        12d9*     50%         9

Your spell library contained the following spells:

 Spells                   Type           Power      Damage    Failure   Level
 Apportation              Tloc           100%       N/A       0%          1
 Kiss of Death            Conj/Necr      100%       2d13      0%          1
 Magic Dart               Conj           100%       1d8       0%          1
 Necrotise                Necr           100%       1d9       0%          1
 Sandblast                Erth           100%       2d20      0%          1
 Shock                    Conj/Air       100%       1d9       0%          1
 Sting                    Conj/Alch      100%       1d9       0%          1
 Summon Small Mammal      Summ           100%       N/A       0%          1
 Cigotuvi's Dreadful Rot  Necr/Alch/Air  100%       N/A       0%          2
 Ensorcelled Hibernation  Hex/Ice        100%       N/A       0%          2
 Mercury Vapours          Alch/Air       100%       N/A       0%          2
 Momentum Strike          Conj/Tloc      100%       3d10      0%          2
 Scorch                   Fire           100%       2d9       0%          2
 Searing Ray              Conj           100%       2d8       0%          2
 Static Discharge         Conj/Air       100%       3-8/arc   0%          2
 Sublimation of Blood     Necr           100%       N/A       0%          2
 Confusing Touch          Hex            100%       N/A       0%          3
 Dazzling Flash           Conj/Hex       100%       N/A       0%          3
 Frozen Ramparts          Ice            100%       1d16      0%          3
 Gell's Gravitas          Tloc           100%       N/A       0%          3
 Hailstorm                Conj/Ice       100%       3d16      0%          3
 Inner Flame              Hex/Fire       100%       N/A       0%          3
 Mephitic Cloud           Conj/Alch/Air  100%       N/A       0%          3
 Stone Arrow              Conj/Erth      100%       3d13      0%          3
 Summon Ice Beast         Ice/Summ       100%       N/A       0%          3
 Swiftness                Air            100%       N/A       0%          3
 Teleport Other           Tloc           100%       N/A       0%          3
 Tukima's Dance           Hex            100%       N/A       0%          3
 Vampiric Draining        Necr           100%       2d13      0%          3
 Volatile Blastmotes      Fire/Tloc      100%       2d18      0%          3
 Airstrike                Air            72%        2d(11-27) 0%          4
 Anguish                  Hex/Necr       72%        N/A       0%          4
 Animate Armour           Summ/Erth      100%       N/A       0%          4
 Animate Dead             Necr           100%       N/A       0%          4
 Brom's Barrelling Bould  Conj/Erth      100%       2d11      0%          4
 Dimensional Bullseye     Hex/Tloc       72%        N/A       0%          4
 Dispel Undead            Necr           100%       3d31      0%          4
 Flame Wave               Conj/Fire      100%       2d21      0%          4
 Fulminant Prism          Conj/Alch      72%        3d30      0%          4
 Ignite Poison            Fire/Alch      100%       N/A       0%          4
 Iskenderun's Mystic Bla  Conj/Tloc      100%       2d19      0%          4
 Leda's Liquefaction      Alch/Erth      72%        N/A       0%          4
 Martyr's Knell           Necr/Summ      100%       N/A       0%          4
 Olgreb's Toxic Radiance  Alch           100%       N/A       0%          4
 Passage of Golubria      Tloc           100%       N/A       0%          4
 Petrify                  Alch/Erth      100%       N/A       0%          4
 Sticky Flame             Fire/Alch      100%       2d15      0%          4
 Summon Blazeheart Golem  Fire/Summ      100%       N/A       0%          4
 Summon Lightning Spire   Summ/Air       100%       N/A       0%          4
 Alistair's Intoxication  Alch           96%        N/A       0%          5
 Borgnjor's Vile Clutch   Necr/Erth      72%        N/A       0%          5
 Curse of Agony           Necr           100%       N/A       0%          5
 Fireball                 Conj/Fire      72%        3d27      0%          5
 Freezing Cloud           Conj/Ice/Air   72%        6-21      0%          5
 Irradiate                Conj/Alch      72%        3d35      0%          5
 Iskenderun's Battlesphe  Conj           100%       2d15      0%          5
 Metabolic Englaciation   Hex/Ice        72%        N/A       0%          5
 Silence                  Hex/Air        72%        N/A       0%          5
 Summon Forest            Summ/Tloc      72%        N/A       0%          5
 Summon Mana Viper        Hex/Summ       100%       N/A       0%          5
 Yara's Violent Unravell  Hex/Alch       72%        3d27      0%          5
 Bombard                  Conj/Erth      72%        9d12      1%          6
 Dispersal                Tloc           73%        N/A       1%          6
 Eringya's Noxious Bog    Alch           72%        4d6       1%          6
 Plasma Beam              Fire/Air       72%        2x1d89    1%          6
 Sculpt Simulacrum        Ice/Alch       72%        N/A       1%          6
 Summon Cactus Giant      Summ           72%        N/A       1%          6
 Enfeeble                 Hex            72%        N/A       1%          7
 Haunt                    Necr/Summ      72%        N/A       1%          7
 Malign Gateway           Summ/Tloc      72%        N/A       1%          7
 Monstrous Menagerie      Summ           72%        N/A       1%          7
 Orb of Destruction       Conj           72%        9d17      1%          7
 Ozocubu's Refrigeration  Ice            72%        4d23      1%          7
 Spellforged Servitor     Conj/Summ      72%        N/A       1%          7
 Summon Hydra             Summ           72%        N/A       1%          7
 Disjunction              Tloc           73%        N/A       2%          8
 Borgnjor's Revivificati  Necr           72%        N/A       3%          8
 Discord                  Hex            72%        N/A       3%          8
 Lehudib's Crystal Spear  Conj/Erth      72%        10d16     3%          8
 Maxwell's Capacitive Co  Air            72%        ∞         3%          8
 Summon Horrible Things   Summ           72%        N/A       3%          8
 Death's Door             Necr           72%        N/A       50%         9


Dungeon Overview and Level Annotations

Branches:
Dungeon (15/15)            Temple (0/1) D:7            Lair (5/5) D:11
  Swamp (4/4) Lair:2       Spider (4/4) Lair:2        Slime (0/5) Lair:5
    Orc (2/2) D:9             Elf (3/3) Orc:2        Vaults (5/5) D:13
  Crypt (3/3) Vaults:2       Tomb (0/3) Crypt:3      Depths (4/4) D:15
    Zot (5/5) Depths:4    Volcano (visited)          WizLab (visited)
Desolation (visited)

Altars:
Cheibriados
Fedhas
Hepliaklqana
Kikubaaqudgha
Makhleb
Okawaru
Trog
Uskayaw
Vehumet
Wu Jian
Yredelemnul
The Shining One
Jiyva
Lugonu

Shops:
Orc:2 *(:[   Elf:1 (   Elf:2 !   Vaults:1 *(   Vaults:3 :   Vaults:4 *
Depths:1 *   Depths:4 :==:

Portals:
Hell: Depths:2 Depths:3 Depths:4
Abyss: Lair:5 Depths:1 Depths:3
Pandemonium: Depths:1 Depths:2 Depths:4

Annotations:
D:11 3 runed translucent doors, p0werm0de's ghost, journeyman BaSh
D:12 exclusion: orange crystal statue
Swamp:3 Roxanne
Crypt:2 1 transporter
Zot:3 2 transporters, exclusion: orange crystal statue


Innate Abilities, Weirdness & Mutations

You have extremely sharp teeth.
Your uncanny sense of smell can sniff out nearby items.
Your experience applies equally to all skills.
Your spells are a little easier to cast, but a little less powerful.


Message History

You block Ziyddoi's attack. Jediso tramples you.
You are shoved backwards!
A dire elephant, a Vanogieq and a glowing orange brain come into view.
Your spectral Killer Klown completely misses Ziyddoi.
The Tzitzimitl calls on the powers of darkness!
Your body is wracked with pain!
* * * LOW HITPOINT WARNING * * *
The glass eye gazes at you.
Your body becomes as fragile as glass!
You block Tuudesm's attack.
Unknown command.
Unknown command.
Unknown command.
Unknown command.
Unknown command.
Okay, then.
You cannot cast spells when silenced!
You hit Jediso but do no damage. You bite Jediso.
Jediso is heavily wounded.
You kill the Tzitzimitl!
Cheibriados appreciates the change of pace.
A glowing mist starts to gather...
The winds around you start to calm down.
You float gracefully downwards.
You feel very sick.
The redback changes into a torpor snail!
You block Jediso's attack.
A protean progenitor comes into view.
You block Ziyddoi's attack. The Ice Fiend gestures at you.
The bolt of cold misses you.
Your spectral Killer Klown misses Ziyddoi.
The glowing orange brain pulsates.
You resist with almost no effort. Tuudesm completely misses you.
Duami comes into view.
Paderutz hits your spectral Killer Klown.
You block Jediso's attack. The glass eye gazes at you.
You feel your fragility will last longer.
Mocojes gestures at you. The crystal spear hits you!!!!
You die...

▓......
▓▓.......
▓▓§..§§§..
▓▓§§§§§§...
▓▓§§§§§§§1.t
▓▓§§&2§§§2YG.
▓▓§Z§&&§§§w§C&,
▓.°§§§@Z&p§§&p
▓▓§§Z&&§§§G§..,
▓▓§§§Z§§§§§..
▓▓§§Z§§§§§..
▓▓§§§§§§§..
▓▓..§..§..
▓▓§§§§...
▓...... ▓....


You could see Duami, Jediso (ally target), Leer (invisible), Mocojes, Paderutz
(invisible), Tuudesm, Vanogieq, Ziyddoi, 2 Killer Klowns, a dire elephant, an
Ice Fiend (summoned), a hell beast (summoned), a protean progenitor, a torpor
snail shaped shifter, a glowing orange brain, a glass eye, an apocalypse crab
(summoned), a hellion (summoned), a friendly spectral boulder beetle, 3 friendly
spectral Killer Klowns and a friendly spectral Tzitzimitl.

Vanquished Creatures
  3 ancient liches
  An orb of fire (Zot:2)
  Mennas (Crypt:2)
  Xtahua (Vaults:3)
  Vv (Crypt:2)
  9 Killer Klowns
  Josephina (Crypt:2)
  3 shard shrikes (Zot:2)
  A curse toe (Zot:2)
  A caustic shrike (Zot:2)
  15 golden dragons
  Norris (Depths:3)
  Nikola (Vaults:3)
  Jory (Crypt:3)
  A bone dragon (Zig:17)
  A profane servitor (Zig:21)
  A Tzitzimitl (Zig:27)
  10 pandemonium lords
  An Ice Fiend (Zot:2)
  Jorgrun (Elf:2)
  11 tentacled monstrosities
  A moon troll (WizLab)
  8 liches
  4 Hell Sentinels
  An Orb Guardian (Zot:5)
  5 deep elf blademasters
  18 deep elf master archers
  Asterion (Depths:2)
  A quicksilver dragon (shapeshifter) (Zig:14)
  The ghost of Decrayps the Ninja, a veteran FeEn of Elyvilon (Zot:2)
  2 titans
  4 death cobs
  9 acid blobs (Zig:20)
  12 quicksilver dragons
  4 thorn hunters
  15 ancient champions
  8 sphinxes
  19 tentacled starspawn
  An Executioner (Zig:21)
  Agnes (Elf:1)
  7 tengu reavers
  Kirke (Swamp:1)
  13 storm dragons
  Donald (Swamp:3)
  6 revenants
  8 fire giants
  5 azure jellies (Zig:20)
  3 iron dragons (Depths:4)
  A rockslime (Zig:20)
  9 protean progenitors
  28 draconian knights
  10 shadow dragons
  28 draconian monks
  2 fenstrider witches
  4 nagarajas (Zig:13)
  6 emperor scorpions
  Louise (Spider:3)
  13 draconian shifters
  21 vault wardens
  A balrug (Depths:3)
  5 ghost moths
  10 deep elf sorcerers
  6 frost giants
  2 imperial myrmidons (Desolation)
  8 ghouls
  15 draconian scorchers
  2 reapers
  3 cacodemons
  A deep elf elementalist (Elf:3)
  15 draconian stormcallers
  8 orc warlords
  24 very ugly things
  7 broodmothers
  7 curse skulls
  A caustic shrike skeleton (Depths:2)
  An angel (Zig:21)
  37 stone giants
  A stone giant (shapeshifter) (Zig:14)
  8 ironbound thunderhulks
  The ghost of Esce the Impaler, a journeyman MiFi of Makhleb (Orc:1)
  18 draconian annihilators
  15 ironbound preservers
  5 quicksilver oozes
  17 vampire knights
  13 deep elf demonologists
  15 white draconians
  A lorocyproca (Zig:17)
  13 yellow draconians
  12 green draconians
  2 halazid warlocks (Desolation)
  11 eleionomae
  14 black draconians
  7 bunyips
  12 red draconians
  8 deep elf death magi
  12 deep elf annihilators
  5 war gargoyles
  2 spark wasps
  27 purple draconians
  An iron golem (Zig:5)
  7 eidola
  9 dire elephants
  A merfolk impaler (Orc:1)
  5 green deaths
  3 crystal guardians
  14 fire dragons
  7 entropy weavers
  19 ettins
  5 ragged hierophants
  3 spriggan zombies (Crypt:3)
  13 merfolk javelineers
  4 shambling mangroves
  17 yaktaur captains
  8 jiangshi
  11 deep elf high priests
  8 servants of whispers (Desolation)
  13 great orbs of eyes
  3 rakshasas (Depths:2)
  32 vault guards
  A spriggan skeleton (Depths:2)
  A caustic shrike simulacrum (Crypt:1)
  5 peacekeepers
  22 hydras
  A hell beast (Swamp:4)
  3 ghost crabs
  A salamander tyrant (Zig:13)
  8 alligators
  2 ogre magi
  A sphinx zombie (Crypt:1)
  5 radroaches
  A spriggan air mage (Depths:1)
  7 ice dragons
  4 deep troll shamans
  A death knight (Crypt:1)
  7 ironbound frosthearts
  9 jorogumos
  2 catoblepae
  11 centaur warriors
  17 two-headed ogres
  10 satyrs
  8 tengu warriors
  A naga warrior (Zig:13)
  13 boulder beetles
  12 vampire magi
  3 deep troll earth magi
  52 dancing weapons
  5 demonic crawlers
  11 naga sharpshooters
  7 spriggan berserkers
  2 titan zombies
  A death scarab (Depths:2)
  14 orc high priests
  9 thrashing horrors
  A hell hog (Zig:21)
  2 sun demons
  2 shock serpents (Zig:13)
  Urug (D:12)
  A titan skeleton (Crypt:1)
  2 skysharks (Depths:3)
  23 deep elf knights
  11 hell knights
  A skyshark (shapeshifter) (Vaults:5)
  3 crystal echidnas
  3 shadow wraiths
  2 sixfirhies
  9 iron trolls
  A golden dragon zombie (Depths:2)
  8 pharaoh ants
  A ghost moth zombie (Crypt:2)
  42 skeletal warriors
  7 goliath frogs
  10 wretched stars
  2 mana vipers
  A spatial maelstrom (Zig:17)
  12 glowing orange brains
  A shadow demon (Zig:21)
  3 bunyip zombies (Crypt:3)
  37 deep trolls
  10 spriggan druids
  A death drake (Zig:16)
  2 mana vipers (shapeshifter)
  An orange crystal statue (WizLab)
  12 arcanists
  12 flayed ghosts
  4 sun moths
  5 orc knights
  9 deep elf archers
  A death drake (shapeshifter) (Vaults:4)
  7 orb spiders
  7 bog bodies
  A shadow dragon zombie (Depths:2)
  11 swamp dragons
  6 steelbarb worms
  31 phantasmal warriors
  13 harpies
  20 ironbound convokers
  6 large abominations
  28 deep elf pyromancers
  13 necromancers
  19 wolf spiders
  28 deep elf zephyrmancers
  45 starcursed masses
  3 will-o-the-wisps
  5 lindwurms
  15 cyclopes
  7 manticores
  A shining eye (Zig:20)
  11 orc sorcerers
  46 ugly things
  An iron dragon zombie (Crypt:3)
  A stone giant zombie (Crypt:1)
  A draconian zombie (Crypt:3)
  5 elephants (Lair:5)
  2 salamanders
  14 fauns
  3 worldbinders (Zig:17)
  27 moths of wrath
  A cyclops (shapeshifter) (Vaults:4)
  2 meliai (Spider:4)
  2 dire elephant zombies
  A shock serpent zombie (Crypt:1)
  4 centaur zombies
  8 guardian serpents
  An apocalypse crab (Zig:14)
  18 kobold blastminers
  24 vault sentinels
  3 molten gargoyles
  An orange demon (Swamp:4)
  7 torpor snails
  7 black mambas
  10 smoke demons
  A gargoyle (D:13)
  2 naga magi
  2 ice statues (Zig:18)
  3 hellions
  7 eyes of devastation
  9 cane toads
  5 rime drakes
  An efreet (Volcano)
  An alligator snapping turtle skeleton (Crypt:1)
  29 yaktaurs
  5 freezing wraiths
  10 komodo dragons
  An unseen horror (D:11)
  An iron troll zombie (Crypt:3)
  6 ancient zymes
  A tormentor (Zig:21)
  A yellow draconian skeleton (Crypt:1)
  A guardian mummy (Elf:2)
  3 tengu conjurers
  A silent spectre (Abyss:3)
  A pale draconian skeleton (Crypt:3)
  A hydra zombie (Crypt:2)
  5 trolls
  4 tyrant leeches
  5 harpy zombies
  19 hornets
  Prince Ribbit (Lair:3)
  3 bloated husks
  A shadow dragon simulacrum (Crypt:2)
  A jumping spider zombie (Crypt:1)
  3 polar bears
  38 blink frogs
  43 saltlings
  16 tarantellas
  3 glass eyes
  A boulder beetle zombie (Crypt:3)
  6 dream sheep (Lair:5)
  8 raiju
  An ettin zombie (Crypt:3)
  32 jumping spiders
  9 water elementals
  A fire dragon skeleton (Crypt:2)
  2 ettin skeletons
  41 slime creatures
  2 centaur simulacra
  15 spriggans
  A spriggan (shapeshifter) (Vaults:5)
  7 shadows
  A jumping spider (shapeshifter) (D:10)
  4 air elementals
  5 wyverns
  An ice dragon skeleton (Crypt:1)
  5 ynoxinuls
  A culicivora (shapeshifter) (Vaults:5)
  17 culicivoras
  A hog (Swamp:1)
  A yak (shapeshifter) (Elf:1)
  A vampire (Zig:21)
  Eustachio (D:4)
  46 yaks
  6 fire elementals
  10 wraiths
  4 basilisks
  A redback (shapeshifter) (Zig:14)
  A golden eye (shapeshifter) (Elf:1)
  A golden eye (Zig:21)
  13 neqoxecs
  12 wargs
  A steam dragon (D:9)
  3 chaos spawn
  47 redbacks
  4 vampire mosquitoes
  2 naga zombies (Crypt:3)
  A harpy simulacrum (Crypt:2)
  2 nagas (Zig:13)
  21 swamp worms
  5 acid dragons
  Duvessa (D:5)
  6 water moccasins
  2 hell hounds (Depths:3)
  A water nymph skeleton (Crypt:2)
  An ice beast (D:6)
  An ice beast (shapeshifter) (Lair:5)
  49 orc warriors
  A meliai simulacrum (D:14)
  25 laughing skulls
  2 sky beasts
  3 boggarts (Vaults:2)
  19 ogres
  14 wolves
  A black mamba simulacrum (Crypt:1)
  A blink frog skeleton (Crypt:2)
  13 centaurs
  3 phantoms
  A kobold brigand (D:10)
  14 bullfrogs
  8 scorpions
  2 gnoll sergeants
  10 small abominations
  9 earth elementals
  9 wights
  Dowan (D:5)
  A troll zombie (Crypt:3)
  A troll skeleton (Crypt:3)
  6 killer bees (D:10)
  A raiju skeleton (Crypt:2)
  5 electric eels
  Crazy Yiuf (D:7)
  2 lava snakes (Volcano)
  A bombardier beetle (D:5)
  A bullfrog skeleton (Crypt:2)
  A hound (D:4)
  4 jellies
  22 orc priests
  A sleepcap (D:6)
  3 gnoll boudas
  4 iguanas
  27 orc wizards
  6 hell rats
  33 gnolls
  8 river rats (Lair:3)
  4 adders
  A shadow imp (D:7)
  5 white imps
  A lava snake skeleton (Crypt:3)
  3 ribbon worms
  3 dart slugs
  71 orcs
  5 bats
  A bat skeleton (Crypt:2)
  11 endoplasms
  10 goblins
  4 hobgoblins
  4 jackals (D:1)
  2 quokkas
  4 ball pythons
  5 frilled lizards
  A frilled lizard skeleton (Crypt:2)
  A jackal zombie (Crypt:3)
  19 kobolds
  A kobold skeleton (Crypt:1)
  9 rats
  An aspiring flesh (Zot:2)
  A spectral weapon (Depths:2)
  20 starspawn tentacles
2959 creatures vanquished.

Vanquished Creatures (collateral kills)
  A pandemonium lord (Zig:14)
  A dread lich (Zig:21)
  A Killer Klown (Zig:14)
  A golden dragon (Zig:16)
  A bone dragon (Zig:17)
  A hellephant (Zig:21)
  5 Orb Guardians (Zot:5)
  3 tentacled monstrosities
  2 deep elf master archers (Zig:24)
  2 acid blobs (Zig:20)
  2 tentacled starspawn (Zig:21)
  2 rockslimes (Zig:20)
  A fenstrider witch (Zig:16)
  3 draconian knights
  6 draconian monks
  A protean progenitor (Zig:27)
  A nagaraja (Zig:13)
  5 draconian scorchers
  A deep elf elementalist (Zig:15)
  6 orc warlords (Zig:26)
  A draconian annihilator (Zig:22)
  A formless jellyfish (Zig:20)
  2 draconian stormcallers
  A deep elf annihilator (Zig:15)
  A deep elf demonologist (Zig:15)
  6 stone giants
  A purple draconian (Zig:25)
  2 yellow draconians
  2 bunyips (Zig:16)
  2 red draconians
  A white draconian (Zig:25)
  A deep elf high priest (Zig:12)
  A merfolk javelineer (Zig:24)
  3 shambling mangroves
  A great orb of eyes (Zig:20)
  A hydra (Zig:16)
  3 salamander tyrants (Zig:13)
  An alligator (Zig:11)
  A naga warrior (Zig:13)
  A centaur warrior (Zig:24)
  A satyr (Zig:8)
  A dancing weapon (Zig:15)
  A thrashing horror (Zig:21)
  4 naga sharpshooters
  A deep elf knight (Zig:10)
  3 wretched stars
  3 iron trolls (Zig:26)
  An iron troll (shapeshifter) (Zig:14)
  A spriggan druid (Zig:16)
  2 spatial maelstroms (Zig:21)
  A large abomination (Zig:21)
  An obsidian statue (Zig:18)
  An orange crystal statue (Zig:18)
  A deep elf archer (Zig:12)
  A deep elf pyromancer (Zig:12)
  A deep elf zephyrmancer (Zig:15)
  A shining eye (Zig:20)
  A will-o-the-wisp (Zig:11)
  2 moths of wrath (Zig:26)
  2 cyclopes
  A kobold blastminer (Zig:24)
  An apocalypse crab (Zig:14)
  A smoke demon (Zig:21)
  3 yaktaurs
  2 ancient zymes (Zig:21)
  2 hornets (Zig:11)
  4 slime creatures (Zig:20)
  A ynoxinul (Zig:21)
  A yak (D:8)
  A fire elemental (Zig:15)
  A warg (Zig:26)
  4 orc warriors
  A centaur (Zig:24)
  2 ogres
  An earth elemental (Zig:10)
  2 orc priests (Zig:9)
  6 starcursed masses (Zig:21)
  2 orc wizards (Zig:26)
  2 gnolls (D:8)
  4 orcs
  2 starspawn tentacles (Zig:21)
153 creatures vanquished.

Vanquished Creatures (others)
  An ancient champion (Zig:19)
  A vault warden (Vaults:3)
  A draconian knight (Zig:22)
  An ironbound preserver (Vaults:3)
  A deep elf death mage (Crypt:2)
  A purple draconian (Zot:2)
  A bunyip (Zig:16)
  A yaktaur captain (Vaults:3)
  A jiangshi (Crypt:2)
  A hydra (Zig:7)
  A ragged hierophant (Desolation)
  A wretched star (Zig:17)
  A deep elf knight (Zig:15)
  A goliath frog (Zig:16)
  A spriggan simulacrum (Crypt:2)
  A phantasmal warrior (Vaults:4)
  An arcanist (D:4)
  A will-o-the-wisp (Zig:11)
  4 bloated husks
  2 water elementals (Elf:2)
  A laughing skull (Crypt:2)
  49 ball lightnings
  8 foxfires
  5 spectral weapons (Crypt:1)
  28 starspawn tentacles
115 creatures vanquished.

Grand Total: 3227 creatures vanquished

Notes
Turn   | Place    | Note
-------+----------+-------------------------------------------
     0 | D:1      | Amaterasu the Gnoll Warper began the quest for the Orb.
     0 | D:1      | Reached XP level 1. HP: 20/20 MP: 6/6
   103 | D:1      | Reached XP level 2. HP: 26/26 MP: 7/7
   106 | D:1      | Learned a level 2 spell: Blink
   327 | D:1      | Reached skill level 5 in Spellcasting
   327 | D:1      | Reached XP level 3. HP: 31/31 MP: 7/9
   506 | D:1      | Reached skill level 1 in Invocations
  1142 | D:2      | Reached skill level 1 in Long Blades
  1142 | D:2      | Reached skill level 1 in Axes
  1142 | D:2      | Reached skill level 1 in Maces & Flails
  1142 | D:2      | Reached skill level 1 in Polearms
  1142 | D:2      | Reached skill level 1 in Staves
  1142 | D:2      | Reached skill level 1 in Ranged Weapons
  1142 | D:2      | Reached skill level 1 in Stealth
  1142 | D:2      | Reached skill level 1 in Shields
  1142 | D:2      | Reached skill level 1 in Unarmed Combat
  1142 | D:2      | Reached skill level 1 in Evocations
  1342 | D:2      | Identified the +5 ring mail of the Heavens {rC+}
  1474 | D:2      | Reached skill level 1 in Shapeshifting
  1474 | D:2      | Reached XP level 4. HP: 38/38 MP: 11/11
  1704 | D:3      | Found a faded altar of an unknown god.
  1856 | D:3      | Reached skill level 1 in Conjurations
  1856 | D:3      | Reached skill level 1 in Hexes
  1856 | D:3      | Reached skill level 1 in Summonings
  1856 | D:3      | Reached skill level 1 in Necromancy
  1856 | D:3      | Reached skill level 1 in Fire Magic
  1856 | D:3      | Reached skill level 1 in Ice Magic
  1856 | D:3      | Reached skill level 1 in Air Magic
  1856 | D:3      | Reached skill level 1 in Earth Magic
  1856 | D:3      | Reached skill level 1 in Alchemy
  2026 | D:3      | Reached XP level 5. HP: 16/43 MP: 12/12
  2132 | D:3      | Found an ornate altar of the Wu Jian Council.
  2242 | D:3      | Found a burning altar of Makhleb.
  2553 | D:4      | Noticed Eustachio
  2743 | D:4      | Found a snail-covered altar of Cheibriados.
  2784 | D:4      | Became a worshipper of Cheibriados the Contemplative
  2809 | D:4      | Killed Eustachio
  2810 | D:4      | Reached skill level 5 in Fighting
  2810 | D:4      | Reached skill level 5 in Short Blades
  2810 | D:4      | Reached skill level 5 in Dodging
  2810 | D:4      | Reached XP level 6. HP: 43/51 MP: 14/14
  2899 | D:4      | Identified the +1 robe of Egept {^Contam Harm Rampage
                  | Archmagi}
  2913 | D:4      | Found a bloodstained altar of Trog.
  2916 | D:4      | Noticed a wizard
  2921 | D:4      | Killed a wizard
  3184 | D:5      | Entered Level 5 of the Dungeon
  3188 | D:5      | Reached * piety under Cheibriados
  3189 | D:5      | Reached XP level 7. HP: 47/56 MP: 15/15
  3336 | D:5      | Learned a level 4 spell: Manifold Assault
  3521 | D:5      | Noticed Dowan
  3521 | D:5      | Noticed Duvessa
  3542 | D:5      | Killed Duvessa
  3543 | D:5      | Reached XP level 8. HP: 50/63 MP: 16/16
  3551 | D:5      | Killed Dowan
  3990 | D:6      | Reached ** piety under Cheibriados
  4184 | D:6      | Reached XP level 9. HP: 31/69 MP: 18/18
  4624 | D:6      | Identified a scroll of acquirement
  4624 | D:6      | Acquired 864 gold pieces
  4714 | D:6      | Identified the +10 long sword of Compassion {freeze, MP+9}
  4917 | D:7      | Reached skill level 5 in Throwing
  4917 | D:7      | Reached skill level 5 in Armour
  5093 | D:7      | Reached *** piety under Cheibriados
  5240 | D:7      | Found a staircase to the Ecumenical Temple.
  5247 | D:7      | Learned a level 3 spell: Call Canine Familiar
  5462 | D:7      | Found a runed translucent door.
  5463 | D:7      | Noticed Crazy Yiuf
  5472 | D:7      | Killed Crazy Yiuf
  5473 | D:7      | Reached skill level 5 in Invocations
  6127 | D:8      | Reached skill level 5 in Long Blades
  6127 | D:8      | Reached skill level 5 in Axes
  6127 | D:8      | Reached skill level 5 in Maces & Flails
  6127 | D:8      | Reached skill level 5 in Polearms
  6127 | D:8      | Reached skill level 5 in Staves
  6127 | D:8      | Reached skill level 5 in Ranged Weapons
  6127 | D:8      | Reached skill level 5 in Stealth
  6127 | D:8      | Reached skill level 5 in Shields
  6127 | D:8      | Reached skill level 5 in Unarmed Combat
  6127 | D:8      | Reached skill level 5 in Evocations
  6127 | D:8      | Reached XP level 10. HP: 14/77 MP: 20/20
  7332 | D:8      | Reached **** piety under Cheibriados
  7743 | D:9      | Found a hazy altar of Hepliaklqana.
  7743 | D:9      | Found a blossoming altar of Fedhas.
  7743 | D:9      | Found a glowing golden altar of the Shining One.
  7752 | D:9      | Noticed a two-headed ogre
  7773 | D:9      | Reached skill level 5 in Shapeshifting
  7789 | D:9      | Killed a two-headed ogre
  7897 | D:9      | Found a hide-covered altar of Uskayaw.
  8017 | D:9      | Found a staircase to the Orcish Mines.
  8079 | D:9      | Reached skill level 5 in Conjurations
  8079 | D:9      | Reached skill level 5 in Hexes
  8079 | D:9      | Reached skill level 5 in Summonings
  8079 | D:9      | Reached skill level 5 in Necromancy
  8079 | D:9      | Reached skill level 5 in Fire Magic
  8079 | D:9      | Reached skill level 5 in Ice Magic
  8079 | D:9      | Reached skill level 5 in Air Magic
  8079 | D:9      | Reached skill level 5 in Earth Magic
  8079 | D:9      | Reached skill level 5 in Alchemy
  8155 | D:9      | Noticed a two-headed ogre
  8163 | D:9      | Killed a two-headed ogre
  8164 | D:9      | Reached XP level 11. HP: 84/85 MP: 23/23
  8523 | D:9      | Reached ***** piety under Cheibriados
  8825 | D:10     | Entered Level 10 of the Dungeon
  8826 | D:10     | Noticed a two-headed ogre
  8828 | D:10     | Noticed a two-headed ogre
  8837 | D:10     | Killed a two-headed ogre
  8844 | D:10     | Killed a two-headed ogre
  9148 | D:10     | Noticed a two-headed ogre
  9159 | D:10     | Killed a two-headed ogre
  9767 | D:11     | Noticed Sonja
  9772 | D:11     | Sonja changed into Sonja the hornet
  9772 | D:11     | Noticed Sonja
  9776 | D:11     | Killed Sonja the hornet
  9973 | D:11     | Noticed a two-headed ogre
  9976 | D:11     | Found a staircase to the Lair.
  9982 | D:11     | Killed a two-headed ogre
 10120 | D:11     | Reached XP level 12. HP: 82/94 MP: 24/24
 10249 | D:11     | Found a runed translucent gate.
 10249 | D:11     | Found a runed translucent gate.
 10249 | D:11     | Noticed a great orb of eyes
 10250 | D:11     | Found a runed translucent gate.
 10250 | D:11     | Noticed p0werm0de's ghost (journeyman BaSh)
 10252 | D:11     | Found a viscous altar of Jiyva.
 10574 | Lair:1   | Entered Level 1 of the Lair of Beasts
 10680 | Lair:1   | Reached ****** piety under Cheibriados
 11701 | Lair:2   | Found a dark tunnel.
 11709 | Volcano  | Entered a volcano
 12017 | Volcano  | Found a burning altar of Makhleb.
 12165 | Volcano  | Noticed a stone giant
 12174 | Volcano  | Killed a stone giant
 12620 | Lair:2   | Found a hole to the Spider Nest.
 12923 | Lair:2   | Found a staircase to the Swamp.
 13855 | Lair:3   | Identified the +5 long sword "Tiadesic" {freeze, *Corrode
                  | rElec rPois rN+ SInv}
 13910 | Lair:3   | Noticed Prince Ribbit
 13916 | Lair:3   | Reached XP level 13. HP: 97/101 MP: 26/26
 13919 | Lair:3   | Killed Prince Ribbit
 14056 | Lair:3   | Acquired the +3 Elemental Staff {ele, rElec rF+ rC+ AC+3}
 14056 | Lair:3   | Found the +3 Elemental Staff {ele, rElec rF+ rC+ AC+3}
 15183 | Lair:4   | Reached skill level 10 in Spellcasting
 15852 | Lair:5   | Entered Level 5 of the Lair of Beasts
 15899 | Lair:5   | Reached skill level 10 in Fighting
 15899 | Lair:5   | Reached skill level 10 in Short Blades
 15899 | Lair:5   | Reached skill level 10 in Dodging
 16154 | Lair:5   | Noticed an ice dragon
 16204 | Lair:5   | Killed an ice dragon
 16636 | Lair:5   | Reached XP level 14. HP: 92/110 MP: 28/28
 16649 | Lair:5   | Reached skill level 10 in Invocations
 17437 | Lair:5   | Found a corrupted altar of Lugonu.
 17437 | Lair:5   | Found a one-way gate to the infinite horrors of the Abyss.
 17577 | Lair:5   | Got Sif Muna's Discursus on the Legion
 17803 | Lair:5   | Found a staircase to the Slime Pits.
 17859 | Lair:5   | Reached skill level 10 in Throwing
 17859 | Lair:5   | Reached skill level 10 in Armour
 18513 | Orc:1    | Entered Level 1 of the Orcish Mines
 18695 | Orc:1    | Found a runed translucent gate.
 18697 | Orc:1    | Found a runed translucent gate.
 18698 | Orc:1    | Found a runed translucent gate.
 18711 | Orc:1    | Noticed Esce's ghost (journeyman MiFi)
 18714 | Orc:1    | Found an iron altar of Okawaru.
 19089 | Orc:1    | Learned a level 6 spell: Conjure Ball Lightning
 19108 | Orc:1    | Killed Esce's ghost
 19267 | Orc:1    | Got the Quarto of Inhalation and the Graveyard
 19356 | Orc:2    | Entered Level 2 of the Orcish Mines
 19377 | Orc:2    | Reached skill level 10 in Translocations
 19384 | Orc:1    | Learned a level 2 spell: Lesser Beckoning
 19609 | Orc:2    | Found a staircase to the Elven Halls.
 19675 | Orc:2    | Paralysed by an orc sorcerer for 5 turns
 19784 | Orc:2    | Reached skill level 10 in Long Blades
 19784 | Orc:2    | Reached skill level 10 in Axes
 19784 | Orc:2    | Reached skill level 10 in Maces & Flails
 19784 | Orc:2    | Reached skill level 10 in Polearms
 19784 | Orc:2    | Reached skill level 10 in Staves
 19784 | Orc:2    | Reached skill level 10 in Ranged Weapons
 19784 | Orc:2    | Reached skill level 10 in Stealth
 19784 | Orc:2    | Reached skill level 10 in Shields
 19784 | Orc:2    | Reached skill level 10 in Unarmed Combat
 19784 | Orc:2    | Reached skill level 10 in Evocations
 19800 | Orc:2    | Noticed an orc warlord
 19818 | Orc:2    | Killed an orc warlord
 19821 | Orc:2    | Reached XP level 15. HP: 73/118 MP: 23/30
 19830 | Orc:2    | Learned a level 8 spell: Ignition
 20091 | Orc:2    | Found Vuajej's General Store.
 20111 | Orc:2    | Found Dimupo's Antique Weapon Shoppe.
 20321 | Orc:2    | Found Bayjij's Book Shoppe.
 20363 | Orc:2    | Found Uxaam's Antique Armour Shoppe.
 21449 | D:12     | Noticed Urug
 21464 | D:12     | Killed Urug
 21912 | D:12     | Found a runed translucent door.
 22087 | D:12     | HP: 4/119 [crystal guardian (23)]
 22470 | D:13     | Identified the ring "Epnimapni" {rElec rF+ Int+2}
 22688 | D:13     | Found a gate to the Vaults.
 22689 | D:13     | Noticed a storm dragon
 22711 | D:13     | Killed a storm dragon
 23124 | D:14     | You fall into a shaft and drop 1 floor!
 23124 | D:15     | Entered Level 15 of the Dungeon
 23792 | D:15     | Paralysed by something for 4 turns
 23828 | D:15     | Found a radiant altar of Vehumet.
 23922 | D:15     | Found a staircase to the Depths.
 24043 | D:15     | Identified the +1 robe of Indecent Exposure {rF+ Str+2}
 24068 | D:15     | Reached skill level 10 in Shapeshifting
 24602 | Swamp:1  | Entered Level 1 of the Swamp
 24723 | Swamp:1  | Noticed Kirke
 24735 | Swamp:1  | Killed Kirke
 24736 | Swamp:1  | Reached XP level 16. HP: 127/127 MP: 23/32
 25028 | Swamp:2  | Noticed a thorn hunter
 25044 | Swamp:2  | Killed a thorn hunter
 25214 | Swamp:2  | Noticed a thorn hunter
 25232 | Swamp:2  | Killed a thorn hunter
 25479 | Swamp:3  | Identified the ring "Moruxt" {*Slow EV+5 Int+7 Stlth+}
 25542 | Swamp:3  | Noticed Donald
 25550 | Swamp:3  | Killed Donald
 25572 | Swamp:3  | Identified the granite talisman "Byeta" {rF+ SInv Stlth+}
 25572 | Swamp:3  | Noticed Roxanne
 25595 | Swamp:3  | Noticed a thorn hunter
 25607 | Swamp:3  | Killed a thorn hunter
 26020 | Swamp:4  | Entered Level 4 of the Swamp
 26344 | Swamp:4  | Noticed a thorn hunter
 26353 | Swamp:4  | Killed a thorn hunter
 26397 | Swamp:4  | Reached XP level 17. HP: 112/135 MP: 31/33
 26403 | Swamp:4  | Learned a level 4 spell: Vhi's Electric Charge
 26565 | Swamp:4  | Reached skill level 10 in Conjurations
 26565 | Swamp:4  | Reached skill level 10 in Hexes
 26565 | Swamp:4  | Reached skill level 10 in Summonings
 26565 | Swamp:4  | Reached skill level 10 in Necromancy
 26565 | Swamp:4  | Reached skill level 10 in Fire Magic
 26565 | Swamp:4  | Reached skill level 10 in Ice Magic
 26565 | Swamp:4  | Reached skill level 10 in Air Magic
 26565 | Swamp:4  | Reached skill level 10 in Earth Magic
 26565 | Swamp:4  | Reached skill level 10 in Alchemy
 26700 | Swamp:4  | Got a decaying rune of Zot
 26847 | Spider:1 | Entered Level 1 of the Spider Nest
 28439 | Spider:3 | Reached XP level 18. HP: 143/143 MP: 17/35
 28628 | Spider:3 | Learned a level 2 spell: Jinxbite
 28674 | Spider:3 | Noticed Louise
 28698 | Spider:3 | Killed Louise
 28783 | Spider:3 | Acquired the scarf of the Secret Friars {rC+ rF+, Int+3
                  | Dex+2}
 28919 | Spider:4 | Entered Level 4 of the Spider Nest
 29387 | Spider:4 | Got a gossamer rune of Zot
 29825 | Depths:1 | Entered Level 1 of the Depths
 30184 | Depths:1 | Found Rupnirij's Assorted Antiques.
 30251 | Depths:1 | Found a one-way gate leading to the halls of Pandemonium.
 30523 | Depths:1 | Reached XP level 19. HP: 151/151 MP: 37/37
 30574 | Depths:1 | Found a one-way gateway to a ziggurat.
 30657 | Depths:2 | Noticed Asterion
 30677 | Depths:2 | Killed Asterion
 30795 | Depths:2 | Found a gateway to Hell.
 31590 | Depths:2 | Gained mutation: You are covered in fur. (AC +1) [potion of
                  | mutation]
 31591 | Depths:2 | Lost mutation: You are covered in fur. (AC +1) [potion of
                  | mutation]
 31591 | Depths:2 | Gained mutation: You have an increased reservoir of magic.
                  | (+10% MP) [potion of mutation]
 31591 | Depths:2 | Gained mutation: You are dopey. (Int -2) [potion of
                  | mutation]
 31591 | Depths:2 | Gained mutation: Your spells are a little harder to cast,
                  | but a little more powerful. [potion of mutation]
 31592 | Depths:2 | Lost mutation: Your spells are a little harder to cast, but
                  | a little more powerful. [potion of mutation]
 31592 | Depths:2 | Lost mutation: You are dopey. (Int -2) [potion of mutation]
 31592 | Depths:2 | Lost mutation: You have an increased reservoir of magic.
                  | (+10% MP) [potion of mutation]
 31592 | Depths:2 | Gained mutation: You are robust. (+10% HP) [potion of
                  | mutation]
 31592 | Depths:2 | Gained mutation: You have extremely sharp teeth. [potion of
                  | mutation]
 31716 | Depths:3 | Noticed Norris
 31741 | Depths:3 | Killed Norris
 31965 | Depths:3 | Identified the ring of Sivot {rC+ Will+ rCorr Dex+3 SInv}
 32209 | Depths:3 | Reached skill level 15 in Invocations
 32433 | Depths:3 | Reached XP level 20. HP: 144/176 MP: 3/38
 32513 | Depths:4 | Entered Level 4 of the Depths
 32826 | Depths:4 | Acquired 873 gold pieces
 32942 | Depths:4 | Found Itwec's One-of-a-Kind Books.
 33099 | Depths:4 | Found Ewisaus's Jewellery Boutique.
 33100 | Depths:4 | Found Koaher's Book Emporium.
 33102 | Depths:4 | Found Binomid's Jewellery Boutique.
 33110 | Depths:4 | Bought a book of Battle for 520 gold pieces
 33110 | Depths:4 | Bought a book of Iron for 640 gold pieces
 33116 | Depths:4 | Learned a level 5 spell: Lee's Rapid Deconstruction
 33120 | Depths:4 | Learned a level 3 spell: Fugue of the Fallen
 33124 | Depths:4 | Learned a level 3 spell: Ozocubu's Armour
 33180 | Depths:4 | Reached skill level 15 in Spellcasting
 33314 | Depths:4 | Reached skill level 15 in Fighting
 33314 | Depths:4 | Reached skill level 15 in Short Blades
 33314 | Depths:4 | Reached skill level 15 in Dodging
 33340 | Depths:4 | Found a gate to the Realm of Zot.
 33479 | Depths:4 | Noticed a golden dragon
 33492 | Depths:4 | Killed a golden dragon
 33542 | Depths:4 | Noticed a golden dragon
 33564 | Depths:4 | Killed a golden dragon
 33565 | Depths:4 | Noticed a golden dragon
 33589 | Depths:4 | Killed a golden dragon
 33594 | Depths:4 | Found a faded altar of an unknown god.
 33837 | Vaults:1 | Entered Level 1 of the Vaults
 34045 | Vaults:1 | Found Ickofein's Weapon Shoppe.
 34263 | Abyss:3  | Cast into level 3 of the Abyss (a deep elf demonologist)
 34392 | Abyss:3  | Reached XP level 21. HP: 168/168 MP: 32/32
 34405 | Abyss:3  | Got an abyssal rune of Zot
 34447 | Vaults:1 | Escaped the Abyss
 35075 | Vaults:1 | Found Edogoic's Assorted Antiques.
 35381 | Vaults:2 | Reached skill level 15 in Throwing
 35381 | Vaults:2 | Reached skill level 15 in Armour
 36025 | Vaults:2 | Reached skill level 15 in Long Blades
 36025 | Vaults:2 | Reached skill level 15 in Axes
 36025 | Vaults:2 | Reached skill level 15 in Maces & Flails
 36025 | Vaults:2 | Reached skill level 15 in Polearms
 36025 | Vaults:2 | Reached skill level 15 in Staves
 36025 | Vaults:2 | Reached skill level 15 in Ranged Weapons
 36025 | Vaults:2 | Reached skill level 15 in Stealth
 36025 | Vaults:2 | Reached skill level 15 in Shields
 36025 | Vaults:2 | Reached skill level 15 in Unarmed Combat
 36025 | Vaults:2 | Reached skill level 15 in Evocations
 36391 | Vaults:2 | Found a staircase to the Crypt.
 36391 | Vaults:2 | Found a basalt altar of Yredelemnul.
 36392 | Vaults:2 | Found an ancient bone altar of Kikubaaqudgha.
 36602 | Vaults:2 | Identified the dragon-blood talisman of Terror {rC+}
 37191 | Vaults:3 | Reached XP level 22. HP: 194/194 MP: 42/42
 37417 | Vaults:3 | Noticed Xtahua
 37445 | Vaults:3 | Killed Xtahua
 37461 | Vaults:3 | Found Ziwunk's Book Boutique.
 37625 | Vaults:3 | Identified the +3 spear of the Tent {drain, SInv}
 37687 | Vaults:3 | Identified the +5 pair of gloves of the Cricket {Regen+
                  | Str-3 SInv}
 37687 | Vaults:3 | Noticed Nikola
 37701 | Vaults:3 | Killed Nikola
 38024 | Vaults:4 | Learned a level 3 spell: Passwall
 38031 | Vaults:4 | Identified the amulet of Harmony {Faith -Cast Rampage rElec
                  | Str+4}
 38280 | Vaults:4 | Identified the +7 spear "Tusuuqi" {distort, Fly Str+2}
 38674 | Vaults:4 | Acquired 1268 gold pieces
 38783 | Vaults:4 | Found a transporter.
 38833 | Vaults:4 | Found a transporter.
 38896 | Vaults:4 | Identified the staff "Fymmosill" {Fly Dex+4 Earth}
 38898 | Vaults:4 | Identified the ring of Apsobb {^Contam rPois rCorr SInv}
 38908 | Vaults:4 | Identified the amulet "Goateyc" {Reflect rElec rC+ SH+5}
 39019 | Vaults:4 | Found Ninothra's Assorted Antiques.
 39274 | Vaults:5 | Entered Level 5 of the Vaults
 39736 | Elf:1    | Entered Level 1 of the Elven Halls
 39738 | Elf:1    | Noticed Agnes
 39754 | Elf:1    | Killed Agnes
 39767 | Elf:1    | Reached XP level 23. HP: 203/203 MP: 26/43
 39869 | Elf:1    | Found Nuidgh's Antique Weapon Boutique.
 40419 | Elf:1    | Found a runed translucent door.
 40423 | Elf:1    | Found a hide-covered altar of Uskayaw.
 40660 | Elf:2    | Found a crumbling gateway.
 40698 | Desolati | Entered the Desolation of Salt
 40907 | Desolati | Identified the ring "Xisiughu" {rElec rF- rC+ MP+9 Dex+2}
 40911 | Desolati | Identified the +6 lajatang of Eternal War {antimagic,
                  | rElec}
 40915 | Desolati | Identified the +1 ring mail of Relativism {Int+8}
 40992 | Desolati | Identified the +0 plate armour of Fedhas's Hope {^Contam
                  | rElec rCorr Str-3}
 40999 | Desolati | Identified the ring of Opte {rElec SInv}
 41004 | Desolati | Got the Essays on the Floating Whammy
 41156 | Desolati | Identified the +0 chain mail of the Land of Plenty {MP+9
                  | Str+3 Dex+5}
 41157 | Desolati | Identified the ring "Relot" {rF- rCorr Str+6 SInv}
 41182 | Desolati | Reached skill level 15 in Shapeshifting
 41505 | Elf:2    | Found a runed translucent gate.
 41506 | Elf:2    | Found a runed translucent gate.
 41506 | Elf:2    | Found a runed translucent gate.
 41553 | Elf:2    | Found a portal to a secret trove of treasure.
 41566 | Elf:2    | You showed the abyssal rune of Zot to enter a treasure
                  | trove
 41567 | Trove    | Entered a treasure trove
 41569 | Trove    | Identified the +0 buckler "Azatiut" {rF+ rC+}
 41570 | Trove    | Identified the amulet "Ophuinen" {Spirit rF+ Int+7}
 41575 | Trove    | Identified the +0 tower shield "Napithe" {-Tele rF+ Str+3}
 41577 | Trove    | Identified the +0 hat of the Engineer {rPois Slay+2}
 41581 | Trove    | Identified the +1 hat "Rickuosa" {Int+5}
 41615 | Trove    | Identified the ring "Vepoo" {Fly rC++ Int-4 Dex+4}
 41629 | Trove    | Identified the ring "Irua" {Wiz rCorr}
 41739 | Elf:2    | Identified the ring of Agnosticism {rN+ rCorr}
 41776 | Elf:2    | Found Sanozaps's Distillery.
 41829 | Elf:2    | Paralysed by an air elemental for 1 turns
 41864 | Elf:2    | Noticed Jorgrun
 41877 | Elf:2    | Killed Jorgrun
 42363 | Elf:3    | Entered Level 3 of the Elven Halls
 42406 | Elf:3    | Found a magical portal.
 42440 | WizLab   | Entered Lehudib's Moon Base
 42493 | WizLab   | Reached skill level 15 in Translocations
 42764 | WizLab   | Identified the ring of the Nightingale {rElec SInv}
 42840 | WizLab   | Reached XP level 24. HP: 214/214 MP: 44/44
 42882 | WizLab   | Gained mutation: Your spells are a little easier to cast,
                  | but a little less powerful. [a neqoxec]
 42941 | WizLab   | Found a transporter.
 43017 | WizLab   | Found a transporter.
 43115 | WizLab   | Identified the ring "Jefaefoh" {rC+ Int+6 Stlth+}
 43117 | WizLab   | Identified the ring of Taosyiku {Fire rN+ Str+4}
 43722 | Elf:3    | Identified the amulet of Vuamah {rPois rF+ Regen+}
 43733 | Elf:3    | Identified the +2 battleaxe "Hoful" {freeze, rF+ rN+ Dex-5
                  | SInv}
 43783 | Elf:3    | Identified the +0 pair of gloves of Entitlement {rC- Int+4
                  | Dex+7}
 43811 | Elf:3    | Got The Foundations of Mysticism
 43814 | Elf:3    | Identified the ring "Pozew" {Str+6 Dex+2}
 43832 | Elf:3    | Found the +8 lance "Wyrmbane" {slay drac, rPois rF+ rC+
                  | AC+3}
 43856 | Elf:3    | Identified the +8 plate armour of the Sea {rElec rC+ Dex+3}
 43862 | Elf:3    | Identified the +1 great sword "Wekhlace" {drain, rPois
                  | Will+ Int+2 Stlth+}
 43879 | Elf:3    | Got the Vellum of the Valley of Death
 43882 | Elf:3    | Identified the death talisman of Eklib {rC+}
 44649 | Vaults:5 | Noticed an ancient lich
 44680 | Vaults:5 | Killed an ancient lich
 44696 | Vaults:5 | Identified the +9 plate armour of the Eternal Fruit {Fly
                  | rCorr}
 44710 | Vaults:5 | Identified the +6 chain mail of Anarchy {SInv}
 44984 | Vaults:5 | Reached XP level 25. HP: 65/224 MP: 7/44
 45307 | Vaults:5 | Got a silver rune of Zot
 45359 | Vaults:5 | Identified the +9 dagger of the Vine {venom, Will++ Str+3
                  | Int+3}
 45445 | Vaults:5 | Identified the +4 dagger "Luosoel" {protect, rPois rF+
                  | Int-5 Dex+8}
 45821 | Zot:1    | Entered Level 1 of the Realm of Zot
 46497 | Zot:1    | Reached skill level 15 in Conjurations
 46497 | Zot:1    | Reached skill level 15 in Hexes
 46497 | Zot:1    | Reached skill level 15 in Summonings
 46497 | Zot:1    | Reached skill level 15 in Necromancy
 46497 | Zot:1    | Reached skill level 15 in Fire Magic
 46497 | Zot:1    | Reached skill level 15 in Ice Magic
 46497 | Zot:1    | Reached skill level 15 in Air Magic
 46497 | Zot:1    | Reached skill level 15 in Earth Magic
 46497 | Zot:1    | Reached skill level 15 in Alchemy
 46641 | Zot:2    | Noticed a Killer Klown
 46653 | Zot:2    | Noticed an orb of fire
 46654 | Zot:2    | Killed a Killer Klown
 46657 | Zot:2    | Killed an orb of fire
 46777 | Zot:2    | Identified the +7 flail of Amortisation {spect, rN++ Str-4}
 46778 | Zot:2    | Identified the staff of Annihilation {Will+ Conj}
 46815 | Zot:2    | Found a transporter.
 46819 | Zot:2    | Noticed Decrayps's ghost (veteran FeEn)
 46821 | Zot:2    | Noticed a shard shrike
 46821 | Zot:2    | Noticed a shard shrike
 46823 | Zot:2    | Noticed a shard shrike
 46852 | Zot:2    | Found a transporter.
 46899 | Zot:2    | Killed a shard shrike
 46899 | Zot:2    | Killed a shard shrike
 46899 | Zot:2    | Killed a shard shrike
 46907 | Zot:2    | Reached XP level 26. HP: 125/225 MP: 21/45
 46932 | Zot:2    | Killed Decrayps's ghost
 46936 | Zot:2    | Identified the amulet of Kouxtoid {Spirit rC- MP+9 SInv}
 46939 | Zot:2    | Identified the ring of Jemmudgh {Str+2 Int+6}
 47379 | Zot:3    | Found a transporter.
 47403 | Zot:3    | Found a transporter.
 47773 | Zot:4    | Noticed a Killer Klown
 47798 | Zot:4    | Killed a Killer Klown
 47975 | Zot:4    | Learned a level 6 spell: Death Channel
 48387 | Zot:5    | Entered Level 5 of the Realm of Zot
 48422 | Zot:5    | Noticed a Killer Klown
 48470 | Zot:5    | Killed a Killer Klown
 49230 | Crypt:1  | Entered Level 1 of the Crypt
 49902 | Crypt:2  | Noticed Vv
 49928 | Crypt:2  | Killed Vv
 50104 | Crypt:2  | Identified the ring "Vefeuf" {Ice rCorr SInv Stlth+}
 50104 | Crypt:2  | Noticed Josephina
 50116 | Crypt:2  | Killed Josephina
 50157 | Crypt:2  | Reached XP level 27. HP: 135/248 MP: 46/46
 50242 | Crypt:2  | Noticed Mennas
 50307 | Crypt:2  | Killed Mennas
 50310 | Crypt:2  | Noticed a dread lich
 50417 | Crypt:2  | Found a radiant altar of Vehumet.
 50421 | Crypt:2  | Found a transporter.
 50568 | Crypt:3  | Entered Level 3 of the Crypt
 50776 | Crypt:3  | Found a staircase to the Tomb.
 51181 | Crypt:3  | Found an ancient bone altar of Kikubaaqudgha.
 51395 | Crypt:3  | Got the Atlas of Atheism
 51564 | Crypt:3  | Noticed Jory
 51574 | Crypt:3  | Killed Jory
 52016 | Zig:1    | Entered Level 1 of a ziggurat
 52039 | Zig:2    | Entered Level 2 of a ziggurat
 52068 | Zig:3    | Entered Level 3 of a ziggurat
 52086 | Zig:3    | Identified the +0 scale mail of the Doldrums {rElec rPois
                  | Str+3}
 52093 | Zig:4    | Entered Level 4 of a ziggurat
 52125 | Zig:4    | Got Rituukkuts's Incunable of the Lithic Geodesic
 52127 | Zig:4    | Identified the +8 morningstar of Mayhem {elec, rPois}
 52133 | Zig:5    | Entered Level 5 of a ziggurat
 52226 | Zig:6    | Entered Level 6 of a ziggurat
 52364 | Zig:7    | Entered Level 7 of a ziggurat
 52400 | Zig:7    | Got the Disquisition on the Reshaped Lungs
 52407 | Zig:7    | Learned a level 5 spell: Arcjolt
 52408 | Zig:8    | Entered Level 8 of a ziggurat
 52445 | Zig:8    | Identified the ring "Qythrof" {rPois Str+3}
 52456 | Zig:8    | Identified the +6 mace of the Blind Eye {pain, Int+4 Dex-5
                  | Stlth+}
 52461 | Zig:9    | Entered Level 9 of a ziggurat
 52529 | Zig:10   | Entered Level 10 of a ziggurat
 52558 | Zig:10   | Identified the +3 orcbow of Tension {freeze, Int+2}
 52568 | Zig:10   | Identified the staff of the Equator {Necro Earth}
 52606 | Zig:11   | Entered Level 11 of a ziggurat
 52659 | Zig:11   | Identified the ring of Puisero {rElec EV+5}
 52660 | Zig:11   | Identified the +7 shortbow "Vios Ximn" {freeze, rCorr
                  | Int+2}
 52684 | Zig:12   | Entered Level 12 of a ziggurat
 52778 | Zig:12   | Identified the ring of Uttoheta {rCorr Str-4 Dex+5 SInv}
 52781 | Zig:13   | Entered Level 13 of a ziggurat
 52800 | Zig:13   | Found the +7 hand cannon "Mule" {flame, backblast, rF+}
 52886 | Zig:13   | Identified the +1 dagger of Purpose {venom, rC+ Int+2}
 52906 | Zig:13   | Identified the +1 rapier of Purpose {freeze, Will++ Dex+4
                  | Stlth-}
 52911 | Zig:14   | Entered Level 14 of a ziggurat
 52919 | Zig:14   | Noticed Vyloxas the pandemonium lord
 52919 | Zig:14   | Noticed Gupoot the pandemonium lord
 52920 | Zig:14   | Noticed Hehy the pandemonium lord
 52932 | Zig:14   | Killed Gupoot the pandemonium lord
 52958 | Zig:14   | Killed Vyloxas the pandemonium lord
 52981 | Zig:14   | Killed Hehy the pandemonium lord
 52997 | Zig:14   | Noticed Peus the pandemonium lord
 53010 | Zig:14   | Killed Peus the pandemonium lord
 53024 | Zig:14   | Identified the +0 robe "Xosuyhei" {+Blink +Inv rF+++ Dex-5}
 53030 | Zig:14   | Identified the +6 plate armour of the Hanged Man {+Inv rC+}
 53055 | Zig:15   | Entered Level 15 of a ziggurat
 53125 | Zig:15   | Got the Spellbook of the Pink Corner
 53129 | Zig:15   | Identified the +3 glaive "Echog" {spect, rN++}
 53130 | Zig:15   | Identified the +0 battleaxe of Rywker {drain, rF+}
 53136 | Zig:16   | Entered Level 16 of a ziggurat
 53229 | Zig:16   | Identified the +3 dagger of Neefacsi {drain, *Corrode rN+
                  | Str+3}
 53235 | Zig:16   | Identified the quicksilver dragon scales of the Loofah
                  | {Will+ Str+2}
 53239 | Zig:16   | Identified the ring of Equivalence {rPois EV+5 Str+4}
 53245 | Zig:16   | Identified the +1 scimitar of No Interval {antimagic,
                  | Will+}
 53248 | Zig:17   | Entered Level 17 of a ziggurat
 53260 | Zig:17   | Lost mutation: You are robust. (+10% HP) [a neqoxec]
 53278 | Zig:17   | Paralysed by accursed screaming for 1 turns
 53444 | Zig:17   | Identified the amulet of Cufostru {Acrobat Harm Will+ MP+9
                  | Dex-5}
 53466 | Zig:17   | Identified the staff "Dakleu" {rElec rN+ rCorr Necro}
 53492 | Zig:18   | Entered Level 18 of a ziggurat
 53507 | Zig:18   | Found the +13 scythe of Curses {drain, curses, ^Drain}
 53539 | Zig:18   | Identified the staff of Dishonour {rElec Ice Air}
 53542 | Zig:18   | Got Xydink's Handbook of the Tesseract
 53551 | Zig:18   | Identified the +8 shortbow of Distren {drain, rPois rF+}
 53563 | Zig:18   | Identified the staff "Igaace" {*Corrode rPois rC+ rN+ Ice}
 53565 | Zig:18   | Identified the +3 long sword of the Harvest {venom, Int+3
                  | Dex+2}
 53571 | Zig:18   | Identified the ring of Equivalence {rPois Will- MP+9 Int+4}
 53595 | Zig:19   | Entered Level 19 of a ziggurat
 53602 | Zig:19   | Noticed an ancient lich
 53603 | Zig:19   | Noticed an ancient lich
 53610 | Zig:19   | Killed an ancient lich
 53612 | Zig:19   | Killed an ancient lich
 53638 | Zig:19   | Got Feweuvus's Secrets of Scintillating Position
 53655 | Zig:19   | Identified the +9 rapier of Greatest Utility {pain, Int+4}
 53665 | Zig:19   | Identified the +5 morningstar of Luothad {heavy, rCorr
                  | Int+3}
 53668 | Zig:20   | Entered Level 20 of a ziggurat
 53695 | Zig:20   | Found the necklace of Bloodlust {Fury *Rage Will++ Int-3
                  | Slay+6}
 53736 | Zig:20   | Identified the ring of Esock {rC- Will+ rCorr Str+6 Dex+2}
 53745 | Zig:20   | Identified the +2 falchion of the Eternal Warrior {drain,
                  | rF+}
 53749 | Zig:20   | Identified the +3 sling of the Lame Duck {elec, Will+++}
 53752 | Zig:20   | Identified the +3 quarterstaff "Tiniziypp" {venom, Will+
                  | Str+4}
 53759 | Zig:21   | Entered Level 21 of a ziggurat
 53783 | Zig:21   | Noticed a dread lich
 53796 | Zig:21   | Killed a dread lich
 53808 | Zig:21   | Found the amulet of the Four Winds {rN+ Will+++ Clar}
 53818 | Zig:21   | Got the Commentary on Singed Arcane Combat
 53824 | Zig:21   | Identified the staff of Severance {rN+ Will+ SInv Necro}
 53960 | Zig:22   | Entered Level 22 of a ziggurat
 54037 | Zig:22   | Identified the ring "Etaghiet" {^Contam rC- EV+5 Str+7
                  | Int+3}
 54038 | Zig:22   | Identified the staff of Elyvilon, Dancing {rF+ Stlth+ Conj
                  | Hexes Necro Fire}
 54066 | Zig:22   | Learned a level 9 spell: Polar Vortex
 54105 | Zig:23   | Entered Level 23 of a ziggurat
 54127 | Zig:23   | Found the +7 captain's cutlass {speed, disarm}
 54165 | Zig:23   | Identified the +8 mace "Wuamie" {antimagic, rC+ Dex+4 SInv}
 54177 | Zig:24   | Entered Level 24 of a ziggurat
 54268 | Zig:24   | Identified the ring of Heagodua {Ice rCorr Int+3}
 54303 | Zig:25   | Entered Level 25 of a ziggurat
 54403 | Zig:25   | Identified the staff of Purpose {rElec rF+ rN+ Air}
 54426 | Zig:25   | Identified the +2 hand axe of Welfare {heavy, rElec Int+2
                  | Dex+2}
 54429 | Zig:25   | Identified the staff of Weutok {rElec rPois Dex-2 Stlth-
                  | Conj}
 54434 | Zig:25   | Identified the +1 ring mail of the Equinox {rN+}
 54437 | Zig:26   | Entered Level 26 of a ziggurat
 54546 | Zig:26   | Got the Grimoire of the Frostbound Oath
 54561 | Zig:26   | Identified the +0 robe "Vyed" {rN+ Int+2 SInv}
 54562 | Zig:26   | Identified the +0 pair of boots "Tuahulyn" {rC- Will++
                  | Str-3 Dex+2}
 54565 | Zig:26   | Identified the +8 great mace of Esoe {flame, Str+2}
 54568 | Zig:26   | Identified the staff "Detowkoi" {rPois Conj}
 54571 | Zig:26   | Acquired a manual of Shapeshifting
 54575 | Zig:26   | Acquired the +2 hat "Keog" {Will+ Int+3}
 54594 | Zig:27   | Entered Level 27 of a ziggurat
 54599 | Zig:27   | Noticed Viriown the pandemonium lord
 54615 | Zig:27   | Noticed Fof Baro the pandemonium lord
 54618 | Zig:27   | Noticed Ugidwecs the pandemonium lord
 54619 | Zig:27   | Killed Viriown the pandemonium lord
 54619 | Zig:27   | Noticed Ziyddoi the pandemonium lord
 54620 | Zig:27   | Noticed Fuech the pandemonium lord
 54620 | Zig:27   | Noticed Jediso the pandemonium lord
 54620 | Zig:27   | Noticed Mabyfo the pandemonium lord
 54622 | Zig:27   | Noticed Ylyang the pandemonium lord
 54623 | Zig:27   | Noticed Hiwa the pandemonium lord
 54624 | Zig:27   | Noticed Leer the pandemonium lord
 54627 | Zig:27   | Noticed Paderutz the pandemonium lord
 54627 | Zig:27   | Noticed Mocojes the pandemonium lord
 54627 | Zig:27   | Noticed Tuudesm the pandemonium lord
 54628 | Zig:27   | Killed Fuech the pandemonium lord
 54628 | Zig:27   | Killed Mabyfo the pandemonium lord
 54629 | Zig:27   | Killed Hiwa the pandemonium lord
 54630 | Zig:27   | Killed Ylyang the pandemonium lord
 54630 | Zig:27   | Killed Fof Baro the pandemonium lord
 54630 | Zig:27   | Killed Ugidwecs the pandemonium lord
 54630 | Zig:27   | Noticed Vanogieq the pandemonium lord
 54631 | Zig:27   | Noticed Duami the pandemonium lord
 54631 | Zig:27   | Killed from afar by Mocojes the pandemonium lord

Illustrated notes

Levels and vault maps discovered:
D:1:      lemuel_arrival_lava_pool, layout_rooms, minmay_pentomino_v2
D:2:      layout_basic, minmay_misc_feat_doors
D:3:      layout_basic, bloody_makhleb, nicolae_wu_jian_glorious_leap,
          dreamdust_ecumenical_altar_grove, st_stairs_11
D:4:      layout_rooms, kennysheep_slug_shrine, trog_wizard, uniq_eustachio
D:5:      layout_loops_ring, uniq_duvessa
D:6:      layout_loops_ring
D:7:      layout_layer_cave, temple_fountains, uniq_crazy_yiuf_cottage
D:8:      layout_layer_cave
D:9:      layout_roguey, nicolae_uskayaw_murder_on_the_dancefloor,
          gammafunk_temple_overflow_forgotten, david_orc_3, serial_corexii_hall,
          corexii_hall_statues_l, corexii_hall_statues_i,
          chequers_hall_statues_corner_a, corexii_hall_statues_t
D:10:     layout_basic, minmay_crystal_room, eino_tiny_chamber,
          minmay_fractal_squares_diagonal_5
D:11:     layout_basic, gammafunk_ghost_ooze, uniq_sonja
D:12:     layout_basic, minmay_crystal_box, uniq_urug
D:13:     layout_long_grid, hellmonk_vaults_attempted_burglary
D:14:     layout_basic, minmay_starry_boxes
D:15:     grunt_enter_depths_giant_problem, layout_cave_pools, minivault_27,
          fiery_altar_vehumet
Lair:1:   layout_roguey
Lair:2:   layout_cave_pods, minmay_swamp_entry_worms,
          nicolae_spider_entry_lesser_pyramids, gauntlet_entry_generic,
          enter_volcano_1, serial_bayou_shore_b
Lair:3:   layout_gridlike, kennysheep_rathole, uniq_prince_ribbit2
Lair:4:   layout_hall_layers
Lair:5:   hellmonk_lair_end_abyssal_woods, layout_misc_corridors,
          nicolae_slime_entry_slimehenge, dreamdust_mushroom_princess,
          eino_small_chamber_without_monster, bobbens_ice_dragon_lair
Swamp:1:  layout_basic_swamp, hangedman_swamp_ruin_hall, uniq_kirke
Swamp:2:  layout_basic_swamp, nicolae_swamp_little_tower,
          infiniplex_staircase_pool_2
Swamp:3:  layout_basic_swamp, evilmike_swamp_ruin_house_4, uniq_roxanne,
          uniq_donald
Swamp:4:  swamp_vile, layout_basic_swamp, infiniplex_staircase_pool
Spider:1: layout_spider_delve, drop_trap, nicolae_spider_claw_tunnel
Spider:2: nicolae_spider_hilbert_zone_5 [nicolae_spider_hilbert_3_sides_1_open,
          nicolae_spider_hilbert_4_sides_1_open,
          nicolae_spider_hilbert_4_sides_1_open,
          nicolae_spider_hilbert_6_sides_1_open,
          nicolae_spider_hilbert_6_sides_1_open],
          nicolae_spider_rock_and_or_roll
Spider:3: layout_spider_delve, uniq_louise
Spider:4: hellmonk_spider_rune_endless_swarm
Orc:1:    layout_diamond_mine, gammafunk_ghost_fury_of_okawaru,
          nicolae_orc_flooded_monolith
Orc:2:    grunt_orc_cross, layout_diamond_mine, basic_altar
Elf:1:    layout_geoelf_grid, serial_shops, shop, nicolae_elf_crossing_hall,
          st_stairs_14, grunt_ministairs_6, nicolae_danse_macabre, uniq_agnes
Elf:2:    nicolae_elf_blades_crystal_corner, layout_gridlike,
          nicolae_trove_entry_path_of_doom, serial_shops, shop,
          portal_desolation_entry_nicolae_nacl, minmay_misc_feat_columns,
          uniq_jorgrun
Elf:3:    elf_hall, layout_onion_city, mu_enter_wizlab_1
Vaults:1: ontoclasm_vaults_bender, hangedman_vaults_stream, st_lattice,
          grunt_vaults_swirl, nicolae_vaults_taking_the_gang_shopping,
          nicolae_vaults_wine_cellar, nicolae_vaults_sesquioval_fish,
          nicolae_vaults_closet_pinwheel_1, vaults_room_semicircle,
          ontoclasm_vaults_decontamination, ontoclasm_vaults_loading_screen,
          layout_vaults_quadrants, serial_shops, shop_statue
Vaults:2: ontoclasm_vaults_hangar, ontoclasm_vaults_gateway,
          nicolae_vaults_border_crossing, vaults_mumra_minichess_inversion,
          v_rooms_6, v_rooms_2, nicolae_vaults_angled_halls, v_misc_10,
          grunt_vaults_bifocal, nicolae_vaults_network_periphery,
          nicolae_vaults_octothorpe, v_misc_23, nicolae_vaults_tetromino_L_1,
          vaults_room_pool, layout_vaults_omnicross,
          minmay_crypt_entry_necro_gods
Vaults:3: v_misc_18, vaults_dpeg_hooks, nicolae_vaults_wrenched, v_misc_30,
          nicolae_vaults_six-pack, nicolae_vaults_swerve,
          vaults_room_hangedman_quadrants, nicolae_vaults_little_squares_5,
          v_misc_3, nicolae_vaults_storage_closets_2,
          nicolae_vaults_tetromino_L_2, nicolae_vaults_tetromino_L_1,
          layout_vaults_ring, serial_shops, shop, uniq_nikola, uniq_xtahua
Vaults:4: gammafunk_its_a_trap, nicolae_vaults_spaceships, vaults_dpeg_diagonal,
          nicolae_vaults_heist, nicolae_vaults_big_ls, hangedman_vaults_snaps,
          nicolae_vaults_prndl, vaults_room_fours,
          nicolae_vaults_closet_pinwheel_4, nicolae_vaults_rhombus_7,
          nicolae_vaults_two_Ls, nicolae_vaults_tetromino_T_1, v_misc_15,
          layout_vaults_maze_bifur, serial_shops,
          nicolae_shop_tiny_statue_garden
Vaults:5
Crypt:1:  layout_regular_city, minmay_misc_feat_pillars
Crypt:2:  gammafunk_sealed_library, layout_chaotic_city, uniq_vv,
          uniq_josephina, uniq_mennas
Crypt:3:  church_of_pain_bobbens, layout_chaotic_city
Depths:1: layout_cave_pools, enter_ziggurat_b, abyss_entry,
          rand_demon_pan_entry_9, serial_shops, nicolae_shop_statue_plus,
          hellmouth_1, kennysheep_small_spiral, chequers_jeans,
          patterned_corridor
Depths:2: kennysheep_ambush_hall, layout_honeycomb, serial_sigils,
          serial_sigils_hangedman_snap, serial_sigils_hangedman_gnaw,
          serial_sigils_hangedman_carve, serial_sigils_hangedman_gut,
          serial_sigils_hangedman_writhe, pan_entry, hell_entry,
          hellmonk_scarab_ruin, minmay_staircase_windowed_small, uniq_asterion
Depths:3: impenetrable_vault, layout_cave_shapes, abyss_entry, lightli_too_deep,
          special_room [special_room_mythical_zoo], infiniplex_staircase_spiral,
          nicolae_triple_integral, uniq_norris
Depths:4: regret_index_infernal_bastille, layout_cross,
          grunt_hell_entry_dis_old, grunt_pan_entry_spiral, nicolae_rare_books,
          minmay_shop_grove
Zot:1:    layout_gridlike, regret_index_zot_stipple_split
Zot:2:    cheibrodos_zot_enchanting_chambers, layout_misc_corridors,
          gammafunk_ghost_berserking_beasts
Zot:3:    gammafunk_sealed_arena, layout_gridlike, st_large_dragon_hoard_1
Zot:4:    layout_cathedral_of_symmetry, regret_index_zotdec_barnacled_simple
Zot:5:    layout_misc_corridors
Zig:27

Skill      XL: |  1  2  3  4  5  6  7  8  9 10 11 12 13 14 15 16 17 18 19 20 21 22 23 24 25 26 27 |
---------------+----------------------------------------------------------------------------------+-----
Spellcasting   | 5 6 7 8 9 10 11 12 13 14 15 16 17 18 19 22 | 22.7
Invocations    | 1 2 3 4 5 6 7 8 9 10 11 12 13 14 15 16 17 18 19 20 24 | 24.4
Long Blades    | 1 2 3 5 6 7 8 9 10 11 12 13 14 15 16 17 18 22 | 22.6
Axes           | 1 2 3 5 6 7 8 9 10 11 12 13 14 15 16 17 18 24 | 24.2
Maces & Flails | 1 2 3 5 6 7 8 9 10 11 12 13 14 15 16 17 18 23 | 23.2
Polearms       | 1 2 3 5 6 7 8 9 10 11 12 13 14 15 16 17 18 22 | 22.3
Staves         | 1 2 3 5 6 7 8 9 10 11 12 13 14 15 16 17 18 19 26 | 26.1
Ranged Weapons | 1 2 3 5 6 7 8 9 10 11 12 13 14 15 16 17 18 22 | 22.3
Stealth        | 1 2 3 5 6 7 8 9 10 11 12 13 14 15 16 17 18 22 | 22.3
Shields        | 1 2 3 5 6 7 8 9 10 11 12 13 14 15 16 17 18 23 | 23.4
Unarmed Combat | 1 2 3 5 6 7 8 9 10 11 12 13 14 15 16 17 18 20 26 | 26.3
Evocations     | 1 2 3 5 6 7 8 9 10 11 12 13 14 15 16 17 18 22 | 22.3
Shapeshifting  | 1 2 3 4 5 6 7 8 9 10 11 12 13 14 15 16 17 20 | 20.8
Conjurations   | 1 2 3 4 5 6 7 8 9 10 11 12 13 14 15 19 | 19.1
Hexes          | 1 2 3 4 5 6 7 8 9 10 11 12 13 14 15 19 | 19.1
Summonings     | 1 2 3 4 5 6 7 8 9 10 11 12 13 14 15 19 | 19.1
Necromancy     | 1 2 3 4 5 6 7 8 9 10 11 12 13 14 15 19 | 19.1
Fire Magic     | 1 2 3 4 5 6 7 8 9 10 11 12 13 14 15 19 | 19.1
Ice Magic      | 1 2 3 4 5 6 7 8 9 10 11 12 13 14 15 19 | 19.1
Air Magic      | 1 2 3 4 5 6 7 8 9 10 11 12 13 14 15 19 | 19.1
Earth Magic    | 1 2 3 4 5 6 7 8 9 10 11 12 13 14 15 19 | 19.1
Alchemy        | 1 2 3 4 5 6 7 8 9 10 11 12 13 14 15 19 | 19.1
Throwing       | 3 4 5 6 7 8 9 10 11 12 13 14 15 16 17 18 24 | 24.6
Armour         | 3 4 5 6 7 8 9 10 11 12 13 14 15 16 17 18 23 | 23.4
Fighting       | 5 6 7 8 9 10 11 12 13 14 15 16 17 18 19 20 26 | 26.6
Short Blades   | 5 6 7 8 9 10 11 12 13 14 15 16 17 18 19 22 | 22.6
Dodging        | 5 6 7 8 9 10 11 12 13 14 15 16 17 18 19 22 | 22.6
Translocations | 6 7 8 9 10 11 12 13 14 15 16 19 | 19.7

Action                     |  1- 3 |  4- 6 |  7- 9 | 10-12 | 13-15 | 16-18 | 19-21 | 22-24 | 25-27 || total
---------------------------+-------+-------+-------+-------+-------+-------+-------+-------+-------++-------
  Melee: Short sword       |   178 |   244 |   223 |       |       |       |       |       |       ||   645
         Bite              |    16 |    31 |    36 |    49 |   149 |   164 |   234 |   218 |   255 ||  1152
         Punch             |     1 |     7 |    15 |    19 |    64 |       |       |       |       ||   106
         Falchion          |       |     8 |       |       |       |       |       |       |       ||     8
         Long sword        |       |       |    80 |   556 |    42 |       |       |       |       ||   678
         Staff             |       |       |       |       |  1316 |  2006 |  2259 |  2012 |       ||  7593
         Unarmed           |       |       |       |       |       |     8 |       |       |       ||     8
         Lance             |       |       |       |       |       |       |       |   489 |  2294 ||  2783
         Flail             |       |       |       |       |       |       |       |       |   219 ||   219
         Trishula          |       |       |       |       |       |       |       |       |   641 ||   641
  Throw: Dart              |       |       |       |     8 |       |       |       |       |       ||     8
         Throwing net      |       |       |       |     1 |       |       |       |       |       ||     1
   Cast: Blink             |       |     1 |     1 |     2 |     5 |       |       |     3 |     1 ||    13
         Call Canine Famil |       |       |     3 |     8 |     1 |       |     1 |       |       ||    13
         Manifold Assault  |       |       |       |    58 |   182 |   406 |   417 |   569 |   595 ||  2227
         Conjure Ball Ligh |       |       |       |       |     9 |     1 |     3 |     3 |     1 ||    17
         Lesser Beckoning  |       |       |       |       |    12 |    56 |    15 |    11 |     1 ||    95
         Vhi's Electric Ch |       |       |       |       |       |     1 |       |       |       ||     1
         Jinxbite          |       |       |       |       |       |    12 |    14 |       |       ||    26
         Fugue of the Fall |       |       |       |       |       |       |    15 |    19 |    36 ||    70
         Ozocubu's Armour  |       |       |       |       |       |       |     5 |     1 |       ||     6
         Lee's Rapid Decon |       |       |       |       |       |       |       |     8 |    15 ||    23
         Passwall          |       |       |       |       |       |       |       |     2 |       ||     2
         Death Channel     |       |       |       |       |       |       |       |       |    25 ||    25
         Ignition          |       |       |       |       |       |       |       |       |    54 ||    54
         Arcjolt           |       |       |       |       |       |       |       |       |     5 ||     5
         Polar Vortex      |       |       |       |       |       |       |       |       |     1 ||     1
 Invoke: Slouch            |       |       |       |       |       |     5 |       |     6 |     9 ||    20
  Evoke: Wand              |       |       |     5 |     1 |     2 |     1 |     2 |     6 |       ||    17
         Condenser vane    |       |       |       |       |       |     2 |     1 |     2 |     3 ||     8
         Phantom mirror    |       |       |       |       |       |       |       |       |     1 ||     1
         Lightning rod     |       |       |       |       |       |       |       |       |     8 ||     8
    Use: Scroll            |     4 |     4 |     4 |    14 |     8 |     2 |     5 |    13 |    17 ||    71
         Potion            |       |     1 |       |     2 |     4 |     4 |     3 |     2 |    18 ||    34
   Stab: Sleeping          |     1 |       |     6 |    12 |    16 |     8 |     2 |       |     6 ||    51
         Distracted        |       |       |     1 |     1 |     1 |     3 |     1 |       |    26 ||    33
         Petrified         |       |       |       |       |     5 |       |       |       |       ||     5
         Petrifying        |       |       |       |       |     2 |       |       |       |       ||     2
 Armour: Leather armour    |    76 |       |       |       |       |       |       |       |       ||    76
         Ring mail         |     5 |   104 |   174 |   310 |   175 |       |       |       |       ||   768
         Ice dragon scales |       |       |       |       |   474 |   478 |    82 |       |       ||  1034
         Skin              |       |       |       |       |       |     2 |       |       |       ||     2
         Fire dragon scale |       |       |       |       |       |       |   115 |       |       ||   115
         Gold dragon scale |       |       |       |       |       |       |   151 |   402 |   519 ||  1072
  Dodge: Dodged            |    88 |    97 |   180 |   463 |   729 |   764 |   504 |   391 |   737 ||  3953
  Block: Kite shield       |       |       |       |       |    40 |   756 |    18 |       |       ||   814
         Tower shield      |       |       |       |       |       |       |  1318 |  1348 |  1861 ||  4527
